AoeStats
← Chris77A

Hideout

503419397Analyzed
2v2 RM · 1mo ago on Aug 31, 2026· 51m 20s· 4 players
Game mode
Random Map
Map size
Medium (4 player)
Population
200
Speed
Normal
Resources
Standard
Victory
Conquest
Starting age
Dark Age
Ending age
Imperial Age
RankedLock teamsTeams togetherTeam positionsShared explorationLock speedFull tech treeHidden civsTurbo modeCheats
Victory
Defeat
🇧🇷 Sicilians · Brazil
1298
+14
🇫🇷 Persians · France
1267
+16
🇬🇧 Bohemians · United Kingdom
1297
-17
🇬🇧 Byzantines · United Kingdom
1233
-14
Chris77A
3:28 Loom
9:50 Feudal Age
16:22 Castle Age
15:30 Double-Bit Axe
20:03 Horse Collar
21:56 Scale Barding Armor
25:45 Wheelbarrow
28:06 Forging
32:19 Iron Casting
34:01 Bow Saw
35:15 Heavy Plow
37:04 Hand Cart
37:56 Chain Barding Armor
42:30 Imperial Age
41:42 Fletching
41:31 Elite Skirmisher
42:17 Thumb Ring
42:30 Bodkin Arrow
42:37 Elite Cataphract
43:58 Plate Barding Armor
44:08 Ballistics
44:14 Conscription
45:20 Bracer
45:21 Padded Archer Armor
45:23 Bracer
47:28 Leather Archer Armor
48:42 Chemistry
DrunkMonk
4:53 Loom
10:22 Feudal Age
11:00 Double-Bit Axe
13:08 Forging
19:57 Castle Age
17:54 Horse Collar
21:35 Bow Saw
23:23 Chemistry
23:34 Wheelbarrow
24:45 Town Watch
25:14 Fletching
25:48 Padded Archer Armor
28:23 Pikeman
31:37 Bodkin Arrow
31:58 Leather Archer Armor
38:04 Imperial Age
38:32 Ballistics
38:23 Masonry
38:17 Scale Mail Armor
38:20 Squires
38:06 Arson
39:04 Houfnice
43:15 Elite Skirmisher
43:58 Halberdier
46:27 Bracer
47:37 Ring Archer Armor
Polito
4:29 Loom
10:40 Feudal Age
14:25 Castle Age
12:47 Double-Bit Axe
15:57 Loom
23:07 Wheelbarrow
24:06 Horse Collar
24:58 Bloodlines
24:56 Scale Barding Armor
25:21 Forging
25:09 Town Watch
25:42 Heavy Plow
27:42 Gold Mining
28:41 Hand Cart
28:34 Town Patrol
29:20 Chain Barding Armor
34:04 Imperial Age
31:44 Fletching
32:28 Bodkin Arrow
34:10 Iron Casting
33:53 Stone Mining
34:39 Gold Shaft Mining
35:06 Ballistics
37:36 Blast Furnace
37:05 Conscription
38:35 Chemistry
38:23 Padded Archer Armor
38:53 Citadels
38:16 Light Cavalry
38:56 Husbandry
39:28 Bow Saw
39:50 Crop Rotation
44:54 Hussar
47:06 Plate Barding Armor
valmircampolino
3:20 Loom
11:27 Feudal Age
15:34 Castle Age
15:49 Horse Collar
19:31 Scale Mail Armor
21:15 Chain Mail Armor
24:22 Fletching
26:48 Squires
27:26 Forging
27:40 Arson
32:14 Wheelbarrow
31:40 Heavy Plow
32:41 Bodkin Arrow
32:45 Crossbowman
33:55 Ballistics
37:02 Pikeman
41:17 Imperial Age
39:54 First Crusade
39:36 Padded Archer Armor
39:37 Gold Mining
39:37 Double-Bit Axe
41:25 Iron Casting
41:06 Leather Archer Armor
41:18 Arbalester
41:21 Elite Serjeant
42:22 Conscription
42:14 Bracer
42:49 Plate Mail Armor
43:45 Chemistry
43:18 Hand Cart
42:55 Stone Mining
43:17 Bow Saw
43:07 Town Watch
44:05 Masonry
43:43 Arrowslits
44:16 Leather Archer Armor
45:16 Stone Shaft Mining
46:28 Halberdier
47:31 Siege Engineers
48:57 Elite Skirmisher
Connection lost

Rejoining the realm…

Still unreachable

The connection could not be restored.

Session expired

The server has moved on; the page needs a fresh start.